 Dungeon Crawl Stone Soup version 0.30-a0-305-g026cb31310 (webtiles) character file.

Game seed: 10334430119395198473

145973 KennySheep the Devastator (level 16, -4/124 HPs)
             Began as a Demigod Conjurer on Oct 21, 2022.
             Slain by a radroach (54 damage)
             ... on level 3 of the Spider Nest.
             The game lasted 02:26:49 (42284 turns).

KennySheep the Devastator (Demigod Conjurer)       Turns: 42284, Time: 02:26:49

Health: -4/124     AC: 32    Str: 26 (27) XL:     16   Next: 35%
Magic:  1/34       EV: 10    Int: 35 (38) God:
Gold:   615        SH:  5    Dex: 12      Spells: 5/34 levels left

rFire   . . .      SeeInvis .    b - +9 dagger (pain)
rCold   . . .      Faith    .    (no shield)
rNeg    . . .      Spirit   .    t - +18 Lear's hauberk
rPois   .          Reflect  +    (helmet currently unavailable)
rElec   .          Harm     .    T - +1 cloak of the Alphagorgon {Str+2}
rCorr   .          Rampage  .    (gloves currently unavailable)
Will    +....                    (boots currently unavailable)
Stlth   ..........               W - amulet of Yvuwir {Reflect Str+3 SH+5}
HPRegen 0.40/turn                f - +6 ring of strength
MPRegen 0.24/turn                S - +6 ring of intelligence

@: about to teleport, very slightly contaminated
A: high MP 1, forlorn, divine attributes, claws 1
a: no special abilities


You were on level 3 of the Spider Nest.
You visited 4 branches of the dungeon, and saw 25 of its levels.
You also visited: Bailey, Gauntlet and Ice Cave.

You collected 2324 gold pieces.
You spent 1709 gold pieces at shops.

Inventory:

Hand Weapons
 b - a +9 dagger of pain (weapon)
 y - a +0 vorpal executioner's axe
Armour
 t - the +18 Lear's hauberk (worn)
   (You found it on level 3 of the Dungeon)
 T - the +1 cloak of the Alphagorgon (worn) {Str+2}
   (You found it in a Gauntlet)

   Str:       It affects your strength (+2).
Magical Staves
 a - a staff of conjuration
Jewellery
 e - a ring of magical power
 f - a +6 ring of strength (left claw)
 j - a ring of resist corrosion
 q - a +4 ring of protection
 G - a ring of magical power
 J - a ring of magical power
 S - a +6 ring of intelligence (right claw)
 U - the ring "Forghet" {Ice Str+2 Int+5 Dex-5}
   (You found it in a Gauntlet)

   [ring of ice]

   It enhances your ice magic.
   Str:       It affects your strength (+2).
   Int:       It affects your intelligence (+5).
   Dex:       It affects your dexterity (-5).
   rF:        It makes you vulnerable to fire.
   rC:        It protects you from cold.
 W - the amulet of Yvuwir (around neck) {Reflect Str+3 SH+5}
   (You bought it in a shop on level 2 of the Orcish Mines)

   [amulet of reflection]

   It reflects blocked missile attacks.
   Str:       It affects your strength (+3).
   SH:        It affects your SH (+5).
 Z - a ring of positive energy
Wands
 d - a wand of polymorph (31)
 l - a wand of mindburst (24)
 r - a wand of digging (11)
 u - a wand of flame (58)
 H - a wand of iceblast (18)
Scrolls
 c - 8 scrolls of teleportation
 g - 2 scrolls of immolation
 m - 2 scrolls of torment
 n - a scroll of magic mapping
 o - a scroll of noise
 p - a scroll of enchant weapon
 z - 3 scrolls of amnesia
 A - 6 scrolls of enchant armour
 C - 2 scrolls of summoning
 L - 2 scrolls of silence
 M - 2 scrolls of poison
 P - 5 scrolls of vulnerability
 R - a scroll of fear
Potions
 h - 6 potions of degeneration
 i - 4 potions of resistance
 k - 6 potions of attraction
 s - 10 potions of flight
 v - 3 potions of haste
 w - 6 potions of lignification
 x - 15 potions of curing
 B - 2 potions of mutation
 D - a potion of cancellation
 F - 3 potions of berserk rage
 I - a potion of magic
 K - 6 potions of might
 N - 3 potions of brilliance
 O - a potion of invisibility
 Q - a potion of ambrosia
Miscellaneous
 E - a phantom mirror


   Skills:
 + Level 6.9 Fighting
 - Level 2.9 Short Blades
 + Level 11.3 Armour
 + Level 5.3 Dodging
 - Level 1.7 Stealth
 + Level 9.6 Spellcasting
 + Level 20.6 Conjurations
 * Level 5.3 Summonings
 - Level 6.0 Necromancy
 - Level 5.0 Translocations


You had 5 spell levels left.
You knew the following spells:

 Your Spells              Type           Power      Damage    Failure   Level
a - Magic Dart            Conj           100%       1d8       0%          1
b - Searing Ray           Conj           100%       2d8       0%          2
c - Iskenderun's Mystic   Conj/Tloc      82%        2d16      1%          4
d - Vampiric Draining     Necr           56%        2d10      3%          3
e - Orb of Destruction    Conj           51%        9d13      1%          7
f - Lesser Beckoning      Tloc           100%       N/A       4%          3
g - Blink                 Tloc           100%       N/A       2%          2
h - Spellforged Servitor  Conj/Summ      41%        N/A       43%         7

Your spell library contained the following spells:

 Spells                   Type           Power      Damage    Failure   Level
 Apportation              Tloc           100%       N/A       1%          1
 Kiss of Death            Conj/Necr      100%       2d13      1%          1
 Necrotise                Necr           100%       1d9       1%          1
 Summon Small Mammal      Summ           100%       N/A       1%          1
 Momentum Strike          Conj/Tloc      100%       3d10      1%          2
 Dazzling Flash           Conj/Hex       100%       N/A       1%          3
 Mephitic Cloud           Conj/Pois/Air  60%        N/A       1%          3
 Flame Wave               Conj/Fire      73%        2d16      1%          4
 Fulminant Prism          Conj/Hex       36%        3d18      1%          4
 Sticky Flame             Conj/Fire      73%        2d9       1%          4
 Gell's Gravitas          Tloc           51%        N/A       4%          3
 Teleport Other           Tloc           51%        N/A       4%          3
 Arcjolt                  Conj/Air       36%        1d46      4%          5
 Irradiate                Conj/Tmut      36%        3d23      4%          5
 Slow                     Hex            64%        N/A       12%         1
 Sting                    Tmut/Pois      64%        1d6       12%         1
 Summon Guardian Golem    Hex/Summ       35%        N/A       12%         3
 Vhi's Electric Charge    Tloc/Air       68%        N/A       13%         3
 Ensorcelled Hibernation  Hex/Ice        32%        N/A       19%         2
 Poisonous Vapours        Pois/Air       32%        N/A       19%         2
 Agony                    Necr           56%        N/A       28%         5
 Confusing Touch          Hex            16%        N/A       34%         3
 Inner Flame              Hex/Fire       16%        N/A       34%         3
 Ozocubu's Armour         Ice            16%        N/A       34%         3
 Olgreb's Toxic Radiance  Pois           16%        N/A       75%         4
 Metabolic Englaciation   Hex/Ice        8%         N/A       97%         5
 Yara's Violent Unravell  Hex/Tmut       8%         3d5       97%         5
 Conjure Ball Lightning   Conj/Air       36%        3x3d12    26%         6
 Simulacrum               Ice/Necr       18%        N/A       99%         6
 Eringya's Noxious Bog    Tmut/Pois      8%         N/A       100%        6
 Enfeeble                 Hex            8%         N/A       100%        7
 Haunt                    Necr/Summ      27%        N/A       100%        7
 Storm Form               Tmut/Air       8%         N/A       100%        7
 Necromutation            Tmut/Necr      18%        N/A       100%        8


Dungeon Overview and Level Annotations

Branches:
Dungeon (15/15)            Temple (0/1) D:7            Lair (5/5) D:8
  Swamp (0/4) Lair:2       Spider (3/4) Lair:3        Slime (0/5) Lair:5
    Orc (2/2) D:12            Elf (0/3) Orc:2        Vaults (0/5) D:13
 Depths (0/4) D:15         Bailey (visited)           IceCv (visited)
Gauntlet (visited)

Shops:
D:2 :   D:15 *   Orc:2 (***


Innate Abilities, Weirdness & Mutations

You have an increased reservoir of magic. (+10% MP)
You shall have no god before yourself.
Your divine heritage dramatically boosts your attributes as you level up.
You have sharp fingernails.


Message History

The radroach barely misses you.
The radroach claws you but does no damage.
You hit the radroach but do no damage.
The radroach writhes in agony.
The radroach is moderately wounded.
The radroach bites you but does no damage.
You block the radroach's attack.
You hit the radroach but do no damage.
The radroach writhes in agony.
The radroach is moderately wounded.
The radroach barely misses you. The radroach claws you.
Casting: Iskenderun's Mystic Blast (mildly dangerous; 1% risk of failure)
Confirm with . or Enter, or press ? or * to list all spells.
You erupt in a blast of force!
The mystic blast hits the orb spider!
The orb spider is moderately wounded.
The orb spider is knocked back by the mystic blast.
The orb spider slams into the rock wall!
The orb spider is severely wounded.
The mystic blast hits the radroach.
The radroach is moderately wounded.
The radroach is knocked back by the mystic blast.
The radroach slams into the rock wall!
The radroach is heavily wounded.
You barely miss the radroach.
The radroach is heavily wounded.
The radroach bites you but does no damage.
The radroach closely misses you.
You barely miss the radroach.
The radroach is moderately wounded.
The radroach erupts in a fountain of uncontrolled magic!
You are blasted with magical radiation!!
You are very lightly contaminated with residual magic.
You hit the radroach.
The radroach writhes in agony.
The radroach is heavily wounded.
The radroach bites you!
The radroach claws you but does no damage.
Okay, then.
As you read the scroll of teleportation, it crumbles to dust.
You feel strangely unstable.
The radroach erupts in a fountain of uncontrolled magic!
You are blasted with magical radiation!!!
You die...

###.. #.[
... ..##
..## ###...
. #..
##.#..# s. #
#(. #^....#
^.# #....
###....# s..
#.#.#^
#.....# ..#
#..>.#
##...#@#...#
..^...
##..^.!.B†s#
#.#
#....#†..###
#..
##....#.##
.....!
#^..####
##^... #####
#...^ ##..#
#..# #.. #


You could see a radroach and an orb spider.

Vanquished Creatures
  A ghost moth (Spider:2)
  An emperor scorpion (Spider:1)
  A broodmother (shapeshifter) (D:15)
  A stone giant (D:15)
  A spark wasp (Spider:1)
  A minotaur (Gauntlet)
  Josephine (D:15)
  3 entropy weavers
  5 hydras
  8 vault guards
  3 catoblepae
  4 radroaches
  5 boulder beetles
  5 centaur warriors
  A two-headed ogre (D:12)
  An alligator (Lair:5)
  A jorogumo (Spider:1)
  A death yak (Lair:4)
  6 orc high priests (Orc:2)
  4 tengu warriors
  Nergalle (Orc:1)
  A skeletal warrior (D:10)
  3 pharaoh ants
  3 sun moths
  8 orb spiders
  3 steelbarb worms
  A glowing orange brain (shapeshifter) (D:13)
  A deep elf pyromancer (D:11)
  20 ugly things
  An orc knight (Bailey)
  14 wolf spiders
  3 manticores
  A moth of wrath (Spider:2)
  4 cyclopes
  7 black mambas
  A torpor snail (Spider:3)
  31 elephants
  An apocalypse crab (Gauntlet)
  A guardian serpent (Lair:5)
  16 cane toads
  2 gargoyles
  6 rime drakes
  4 yaktaurs (D:15)
  2 unseen horrors
  4 demonic crawlers
  9 komodo dragons
  A kobold demonologist (D:10)
  2 efreet
  3 unseen horror skeletons (D:10)
  7 trolls
  9 polar bears (Lair:5)
  2 hornets (Lair:5)
  13 tarantellas
  21 blink frogs
  2 raiju (Lair:5)
  6 slime creatures (D:12)
  13 dream sheep
  A meliai zombie (D:10)
  15 jumping spiders
  4 flying skulls (D:10)
  5 shadows
  A centaur simulacrum (D:14)
  14 wyverns
  11 culicivoras
  5 wraiths
  Sigmund (D:2)
  Eustachio (D:5)
  70 yaks
  3 basilisks
  2 steam dragons
  17 vampire mosquitoes
  34 redbacks
  10 wargs
  Edmund (D:6)
  24 water moccasins
  13 orc warriors
  15 hell hounds (Lair:5)
  Duvessa (D:6)
  Pargi (D:3)
  11 black bears (Lair:5)
  A sky beast (D:8)
  5 ogres
  34 wolves
  13 centaurs
  3 phantoms
  3 kobold brigands
  A gnoll sergeant (D:7)
  Blork the orc (D:6)
  12 bullfrogs
  2 necrophages
  6 scorpions
  10 wights
  Dowan (D:6)
  12 killer bees
  3 howler monkeys
  3 electric eels
  2 crimson imps (Gauntlet)
  7 centaur skeletons (D:10)
  A gnoll bouda (D:8)
  9 hounds
  3 centaur zombies (D:10)
  34 orc priests
  5 jellies
  2 iguanas (D:6)
  Jessica (D:1)
  15 hell rats
  20 orc wizards
  Terence (D:2)
  3 howler monkey zombies (D:10)
  Robin (D:3)
  12 gnolls
  2 howler monkey skeletons (D:10)
  9 adders
  A shadow imp (D:7)
  3 white imps
  3 dart slugs
  75 orcs
  7 ball pythons
  4 bats
  6 endoplasms
  7 giant cockroaches
  11 goblins
  13 hobgoblins
  8 jackals
  6 quokkas
  6 frilled lizards
  31 kobolds
  3 rats
962 creatures vanquished.

Vanquished Creatures (others)
  72 fungi
  136 plants
208 creatures vanquished.

Grand Total: 1170 creatures vanquished

Notes
Turn   | Place    | Note
-------+----------+-------------------------------------------
     0 | D:1      | KennySheep the Demigod Conjurer began the quest for the
                  | Orb.
     0 | D:1      | Reached XP level 1. HP: 14/14 MP: 5/5
   246 | D:1      | Reached XP level 2. HP: 20/20 MP: 0/7
   424 | D:1      | Reached skill level 4 in Conjurations
  1060 | D:2      | Found Ipnel's Book Shoppe.
  1060 | D:2      | Noticed Terence
  1073 | D:2      | Killed Terence
  1074 | D:2      | Reached XP level 3. HP: 26/26 MP: 3/9
  1188 | D:2      | Learned a level 2 spell: Searing Ray
  1247 | D:2      | Noticed Sigmund
  1248 | D:2      | Reached XP level 4. HP: 33/33 MP: 5/11
  1697 | D:2      | Noticed Jessica
  1897 | D:1      | Killed Jessica
  1931 | D:2      | Killed Sigmund
  1932 | D:2      | Reached skill level 5 in Conjurations
  1932 | D:2      | Reached skill level 1 in Translocations
  1932 | D:2      | Reached XP level 5. HP: 33/38 MP: 4/13
  2645 | D:3      | Noticed Robin
  2645 | D:3      | Noticed Pargi
  2909 | D:3      | You fall into a shaft and drop 1 floor!
  2927 | D:3      | Killed Pargi
  2928 | D:3      | Reached XP level 6. HP: 40/45 MP: 5/14
  3098 | D:3      | Found the +18 Lear's hauberk
  3113 | D:3      | Killed Robin
  3852 | D:4      | Reached skill level 6 in Conjurations
  3857 | D:4      | Learned a level 4 spell: Iskenderun's Mystic Blast
  4220 | D:4      | Reached skill level 1 in Armour
  4220 | D:4      | Reached XP level 7. HP: 35/50 MP: 0/16
  4639 | D:5      | Entered Level 5 of the Dungeon
  4681 | D:5      | Noticed Eustachio
  5592 | D:5      | Killed Eustachio
  5593 | D:5      | Reached skill level 7 in Conjurations
  5841 | D:6      | Reached XP level 8. HP: 57/57 MP: 10/18
  6106 | D:6      | Noticed Blork the orc
  6113 | D:6      | Killed Blork the orc
  6352 | D:6      | Reached skill level 5 in Spellcasting
  6499 | D:6      | Reached skill level 8 in Conjurations
  6588 | D:6      | Noticed Edmund
  6598 | D:6      | Killed Edmund
  6769 | D:6      | Noticed Dowan
  6771 | D:6      | Noticed Duvessa
  6776 | D:6      | Killed Dowan
  6789 | D:6      | Killed Duvessa
  7643 | D:6      | Reached XP level 9. HP: 14/59 MP: 6/21
  8088 | D:7      | Found a staircase to the Ecumenical Temple.
  8134 | D:7      | Reached skill level 9 in Conjurations
  8183 | D:7      | Found a flagged portal.
  8196 | Bailey   | Entered a bailey
  8385 | Bailey   | Noticed an orc knight
  8422 | Bailey   | Killed an orc knight
  8646 | Bailey   | Reached skill level 5 in Armour
  9670 | D:7      | Learned a level 3 spell: Vampiric Draining
  9838 | D:8      | Reached skill level 5 in Translocations
 10000 | D:8      | Reached skill level 10 in Conjurations
 10000 | D:8      | Reached skill level 1 in Necromancy
 10000 | D:8      | Reached XP level 10. HP: 36/69 MP: 1/23
 10241 | D:8      | Found a staircase to the Lair.
 10639 | D:2      | Bought a book of Dangerous Friends for 560 gold pieces
 10647 | D:2      | Learned a level 7 spell: Orb of Destruction
 11752 | D:9      | Reached skill level 1 in Fighting
 12002 | D:9      | Noticed a boulder beetle
 12152 | D:10     | Entered Level 10 of the Dungeon
 12685 | D:10     | Noticed a skeletal warrior
 12688 | D:10     | Reached skill level 11 in Conjurations
 13071 | Lair:1   | Entered Level 1 of the Lair of Beasts
 13089 | Lair:1   | Reached XP level 11. HP: 75/82 MP: 19/26
 13090 | Lair:1   | Identified the +3 war axe of Upuz Ept {elec, rC++}
 13661 | Lair:1   | Learned a level 3 spell: Lesser Beckoning
 13865 | Lair:1   | Learned a level 2 spell: Blink
 14115 | Lair:1   | Reached skill level 12 in Conjurations
 14648 | Lair:1   | Reached skill level 5 in Necromancy
 15569 | Lair:2   | Reached skill level 13 in Conjurations
 15595 | Lair:2   | HP: 6/127 [poisoned by a cane toad]
 15917 | Lair:2   | Noticed a six-headed hydra
 15928 | Lair:2   | Killed a six-headed hydra
 16081 | Lair:2   | Found a staircase to the Swamp.
 16398 | Lair:3   | Noticed a catoblepas
 16398 | Lair:3   | Noticed a catoblepas
 16418 | Lair:3   | Reached XP level 12. HP: 92/92 MP: 28/28
 16440 | Lair:3   | Reached skill level 14 in Conjurations
 16639 | Lair:3   | Found a hole to the Spider Nest.
 17169 | Lair:4   | Reached skill level 15 in Conjurations
 17846 | Lair:3   | Killed a catoblepas
 17959 | Lair:3   | Killed a catoblepas
 18152 | Lair:3   | Reached skill level 16 in Conjurations
 18638 | Lair:4   | Reached XP level 13. HP: 76/99 MP: 21/29
 18960 | Lair:4   | Reached skill level 17 in Conjurations
 20279 | Lair:5   | Entered Level 5 of the Lair of Beasts
 20397 | Lair:5   | Found a frozen archway.
 20406 | IceCv    | Entered an ice cave
 20733 | Lair:5   | Reached skill level 18 in Conjurations
 20903 | Lair:5   | Found a staircase to the Slime Pits.
 21801 | Lair:5   | Reached XP level 14. HP: 105/105 MP: 22/30
 22913 | Lair:5   | Reached skill level 19 in Conjurations
 26420 | D:11     | Learned a level 7 spell: Spellforged Servitor
 28177 | D:12     | Found a staircase to the Orcish Mines.
 28586 | Orc:1    | Entered Level 1 of the Orcish Mines
 28586 | Orc:1    | Noticed Nergalle
 28589 | Orc:1    | Killed Nergalle
 29119 | Orc:2    | Entered Level 2 of the Orcish Mines
 29135 | Orc:2    | Found a gate leading to a gauntlet.
 29149 | Gauntlet | Entered a Gauntlet
 29149 | Gauntlet | Found a transporter.
 29149 | Gauntlet | Found a transporter.
 29156 | Gauntlet | Found a transporter.
 29156 | Gauntlet | Found a transporter.
 29165 | Gauntlet | Found a transporter.
 29184 | Gauntlet | Found a transporter.
 29194 | Gauntlet | Found a transporter.
 29194 | Gauntlet | Found a transporter.
 29197 | Gauntlet | Found a transporter.
 29224 | Gauntlet | Found a transporter.
 29255 | Gauntlet | Found a transporter.
 29289 | Gauntlet | Found a transporter.
 29311 | Gauntlet | Found a transporter.
 29318 | Gauntlet | Found a transporter.
 29410 | Gauntlet | Found a transporter.
 29426 | Gauntlet | Found a transporter.
 29532 | Gauntlet | Got the Tractate on Necromancy and the Welkin
 29570 | Gauntlet | Identified the +1 cloak of the Alphagorgon {Str+2}
 29651 | Gauntlet | Identified the ring "Forghet" {Ice Str+2 Int+5 Dex-5}
 29747 | Gauntlet | Identified the +0 cloak "Taxorer" {rElec}
 29748 | Gauntlet | Got Wozepseb's Catalogue of the Amorphous Mausoleum
 29753 | Gauntlet | Got the Teachings on the Venomous Welkin
 29757 | Gauntlet | Got the Secrets of Hexing
 30105 | Orc:2    | Found Qicod's Gadget Gallery.
 30189 | Orc:2    | Found a staircase to the Elven Halls.
 30239 | Orc:2    | Reached skill level 1 in Summonings
 30421 | Orc:2    | Found Tahaukh's General Store.
 30421 | Orc:2    | Found Gypi's Antique Weapon Emporium.
 30628 | Orc:2    | Bought a scroll of teleportation for 51 gold pieces
 30628 | Orc:2    | Bought a scroll of summoning for 161 gold pieces
 30666 | Orc:2    | Found Hudieros's Assorted Antiques.
 30675 | Orc:2    | Reached skill level 1 in Short Blades
 30677 | Orc:2    | Found Akoys's Antique Weapon Boutique.
 30947 | Orc:2    | Bought a glittering pewter amulet for 155 gold pieces
 30947 | Orc:2    | Identified the amulet of Yvuwir {Reflect Str+3 SH+5} (You
                  | bought it in a shop on level 2 of the Orcish Mines)
 30947 | Orc:2    | Bought 2 scrolls of teleportation for 186 gold pieces
 30947 | Orc:2    | Bought a scroll of enchant armour for 232 gold pieces
 30947 | Orc:2    | Bought a scroll of fear for 124 gold pieces
 31336 | D:13     | Reached skill level 5 in Fighting
 31742 | D:13     | Reached XP level 15. HP: 113/113 MP: 27/32
 32835 | D:13     | Found a gate to the Vaults.
 32904 | D:13     | Reached skill level 10 in Armour
 32904 | D:13     | Reached skill level 20 in Conjurations
 34780 | D:15     | Entered Level 15 of the Dungeon
 35652 | D:15     | Noticed Josephine
 35661 | D:15     | Killed Josephine
 35929 | D:15     | Found Piwed's General Store.
 35937 | D:15     | Bought a scroll of teleportation for 45 gold pieces
 35937 | D:15     | Bought a potion of haste for 150 gold pieces
 35937 | D:15     | Bought a potion of curing for 45 gold pieces
 36044 | D:15     | Identified the +1 chain mail "Hesues" {Str-3 Int+4}
 36137 | D:15     | Found a staircase to the Depths.
 36664 | Spider:1 | Entered Level 1 of the Spider Nest
 39044 | Spider:2 | Reached XP level 16. HP: 124/124 MP: 34/34
 40627 | Spider:2 | Reached skill level 5 in Dodging
 41010 | Spider:2 | Identified the +1 robe of Tehuast {rElec rC- rCorr Int-4}
 41138 | Spider:3 | Reached skill level 5 in Summonings
 41292 | Spider:2 | Gained mutation: You expend magic power (3 MP) to
                  | strengthen your wands. [potion of mutation]
 41293 | Spider:2 | Lost mutation: You expend magic power (3 MP) to strengthen
                  | your wands. [potion of mutation]
 41293 | Spider:2 | Gained mutation: You have sharp fingernails. [potion of
                  | mutation]
 42284 | Spider:3 | Slain by a radroach

Illustrated notes

Levels and vault maps discovered:
D:1:      dpeg_arrival_rooms_with_view, layout_basic
D:2:      layout_basic, serial_shops, nicolae_shop_statue_plus,
          shapermc_ecumenical_altar_starsandcircs, uniq_terence, uniq_sigmund,
          uniq_jessica
D:3:      layout_basic, hangedman_decor_lopped, uniq_robin, uniq_pargi
D:4:      layout_loops_ring
D:5:      layout_basic, uniq_eustachio
D:6:      minmay_bubble_buster, layout_basic, marbit_many_paths,
          nicolae_sextant, uniq_duvessa, uniq_edmund, uniq_blork_the_orc
D:7:      layout_rooms, nicolae_overflow_hidden_temple, temple_pool_b,
          enter_bailey_1, minmay_fractal_squares_gapless_5
D:8:      layout_loops_corners, erik_lair_island
D:9:      layout_roguey
D:10:     hangedman_screamer, layout_irregular_city
D:11:     layout_loops_corners
D:12:     layout_basic, david_orc_3, minmay_misc_feat_enclosed, minivault_25,
          nicolae_ru_awakened_eye
D:13:     layout_basic, erik_vaults_2, lemuel_flamethrower_hall
D:14:     layout_loops_corners, nicolae_concentric_dashed_squares_wild
D:15:     grunt_enter_depths_snipers, layout_gridville, cheibriados_altar_1,
          serial_shops, nicolae_shop_advertising_works
          [nicolae_subvault_shop_adworks], uniq_josephine
Lair:1:   layout_concentric_octagons, chequers_serial_rivers_micro_b,
          chequers_serial_rivers_micro_c, grunt_megastairs_3
Lair:2:   layout_chaotic_city, swamp_mist, lemuel_fruit_tree
Lair:3:   nzn_motion_control, layout_loops_ring, spider_nest_entry_web_field,
          lemuel_fruit_fields
Lair:4:   layout_loops_ring, st_stairs_5, nicolae_lair_yak_garden,
          grunt_megastairs_2
Lair:5:   hangedman_lair_tendril_chambers, layout_loops_ring,
          hangedman_lair_caniforms_friends, slime_entry_1, serial_rivers,
          chequers_serial_rivers_small_3, chequers_serial_rivers_micro_b,
          chequers_serial_rivers_micro_e, chequers_serial_rivers_room_a,
          chequers_serial_rivers_micro_c, portal_ice_cave_entry_pillars_1,
          grunt_forest_small_clearings
Spider:1: layout_cave_pods
Spider:2: layout_spider_delve, hellmonk_motheaten_closet
Spider:3: layout_spider_delve, hellmonk_narrow_tunnel
Orc:1:    layout_caves, uniq_nergalle
Orc:2:    st_orc_town, layout_diamond_mine, gauntlet_entry_generic,
          nicolae_shop_gadgets

Skill      XL: |  1  2  3  4  5  6  7  8  9 10 11 12 13 14 15 16 |
---------------+-------------------------------------------------+-----
Spellcasting   | 2 3 4 5 6 7 8 9 |  9.6
Conjurations   | 4 5 6 7 8 10 11 13 16 18 19 20 | 20.6
Translocations | 1 2 3 5 |  5.0
Armour         | 1 2 4 5 8 9 10 11 | 11.3
Necromancy     | 1 3 5 6 |  6.0
Fighting       | 3 4 5 6 |  6.9
Dodging        | 2 4 5 |  5.3
Summonings     | 1 4 5 |  5.3
Short Blades   | 1 2 |  2.9
Stealth        | |  1.7

Action                   |  1- 3 |  4- 6 |  7- 9 | 10-12 | 13-15 | 16-18 || total
-------------------------+-------+-------+-------+-------+-------+-------++-------
Melee: Unarmed           |    20 |     6 |       |       |       |       ||    26
       Dagger            |    10 |       |     4 |   355 |   481 |    35 ||   885
       Halberd           |       |    31 |     2 |       |       |       ||    33
       Trident           |       |       |    35 |       |       |       ||    35
       Punch             |       |       |       |     5 |    10 |     2 ||    17
       Staff             |       |       |       |       |    43 |    11 ||    54
 Cast: Magic Dart        |    68 |   101 |   121 |     1 |       |       ||   291
       Searing Ray       |       |    12 |    44 |     6 |       |       ||    62
       Iskenderun's Myst |       |       |    38 |   204 |   371 |    80 ||   693
       Vampiric Draining |       |       |       |     8 |       |       ||     8
       Orb of Destructio |       |       |       |     1 |   151 |    32 ||   184
       Blink             |       |       |       |     2 |       |       ||     2
Evoke: Wand              |       |       |       |       |     1 |     1 ||     2
  Use: Potion            |     3 |     1 |     6 |     3 |    13 |     2 ||    28
       Scroll            |       |     1 |    18 |    11 |    20 |     4 ||    54
 Stab: Sleeping          |       |       |       |     1 |       |       ||     1
       Held in net/web   |       |       |       |     5 |       |       ||     5
       Paralysed         |       |       |       |       |     1 |       ||     1
Armor: Skin              |     7 |       |       |     1 |       |       ||     8
       Robe              |       |    18 |    16 |       |       |       ||    34
       Chain mail        |       |       |    27 |   230 |   678 |   112 ||  1047
       Ring mail         |       |       |       |   147 |       |       ||   147
Dodge: Dodged            |    35 |    60 |   131 |   376 |   527 |    53 ||  1182
Block: Other             |       |       |       |       |    42 |    26 ||    68
       Reflection        |       |       |       |       |     7 |       ||     7

Table legend: (Time is in decaauts)
 A = Elapsed time spent in this place.
 B = Non-inter-level travel time spent in this place.
 C = Inter-level travel time spent in this place.
 D = Time resting spent in this place.
 E = Time spent auto-exploring this place.
 F = Levels seen in this place.
 G = Mean time per level.
                   A        B        C        D        E       F      G
               +--------+--------+--------+--------+--------+-----+--------+
         Total |  42305 |  39487 |   2818 |  14003 |  19020 |  28 | 1510.9 |
       Dungeon |  21259 |  19246 |   2013 |   4010 |  12388 |  15 | 1417.3 |
          Lair |  11526 |  11004 |    522 |   5397 |   3575 |   5 | 2305.2 |
   Spider Nest |   5618 |   5411 |    207 |   3121 |   1606 |   3 | 1872.7 |
  Orcish Mines |   1952 |   1876 |     76 |    764 |    808 |   2 |  976.0 |
        Bailey |   1186 |   1186 |      0 |    627 |    211 |   1 | 1186.0 |
      Ice Cave |     10 |     10 |      0 |      1 |      0 |   1 |   10.0 |
      Gauntlet |    751 |    751 |      0 |     83 |    431 |   1 |  751.0 |
               +--------+--------+--------+--------+--------+-----+--------+

Top non-repeatable levels by time:
  Lair:5: 3686 daAuts
  Lair:3: 2620 daAuts
Spider:1: 2528 daAuts
Spider:2: 2412 daAuts
     D:6: 2392 daAuts
  Lair:1: 2193 daAuts
     D:8: 1794 daAuts
  Lair:4: 1782 daAuts
    D:15: 1606 daAuts
    D:12: 1514 daAuts
    D:14: 1495 daAuts
    D:13: 1476 daAuts
     D:9: 1444 daAuts
   Orc:2: 1395 daAuts
    D:10: 1393 daAuts
